 Dungeon Crawl Stone Soup version 0.22-a0-99-g1ac4c55 (webtiles) character file.

217 wazuzu the Magician (level 5, -4/38 HPs)
             Began as a Draconian Wizard on Jan 25, 2018.
             Slain by wazuzu's ghost (11 damage)
             ... on level 3 of the Dungeon.
             The game lasted 00:07:22 (3558 turns).

wazuzu the Magician (Draconian Wizard)              Turns: 3558, Time: 00:07:24

Health: -4/38      AC:  7    Str:  9    XL:     5   Next: 61%
Magic:  2/13       EV: 12    Int: 19    God:
Gold:   125        SH:  0    Dex: 10    Spells: 12/15 levels left

rFire    . . .     SeeInvis .   (no weapon)
rCold    . . .     Gourm    .   (no shield)
rNeg     . . .     Faith    .   (armour unavailable)
rPois    .         Spirit   .   a - +0 hat
rElec    .         Reflect  .   (no cloak)
rCorr    .         Harm     .   o - +0 pair of gloves (curse)
MR       .....                  q - +0 pair of boots
Stlth    ++........             (no amulet)
HPRegen  0.12/turn              (no ring)
MPRegen  0.13/turn              (no ring)

@: no status effects
A: unfitting armour, cold-blooded, AC +5
a: no special abilities


You were on level 3 of the Dungeon.
You were not hungry.

You visited 1 branch of the dungeon, and saw 3 of its levels.

You collected 125 gold pieces.

Inventory:

Hand Weapons
 f - a +1 short sword of speed
Armour
 a - a +0 hat (worn)
 o - a cursed +0 pair of gloves (worn)
 q - a +0 pair of boots (worn)
Scrolls
 d - 3 scrolls of blinking {unknown}
 e - 4 scrolls of identify {unknown}
 h - a scroll of amnesia {unknown}
 i - a scroll of immolation {unknown}
 l - a scroll of remove curse {unknown}
 m - 2 scrolls of random uselessness {unknown}
 n - a scroll of enchant weapon {unknown}
 p - a scroll of magic mapping {unknown}
 r - a scroll of enchant armour {unknown}
Potions
 g - a potion of haste {unknown}
Books
 b - a book of Minor Magic

   Spells                             Type                      Level
   a - Magic Dart                     Conjuration                  1
   b - Blink                          Translocation                2
   c - Call Imp                       Summoning                    2
   d - Slow                           Hexes                        2
   e - Conjure Flame                  Conjuration/Fire             3
   f - Mephitic Cloud                 Conjuration/Poison/Air       3
Comestibles
 c - 4 rations


   Skills:
 - Level 1.7 Dodging
 - Level 1.7 Stealth
 + Level 5.7 Spellcasting
 - Level 1.0 Conjurations
 * Level 2.0 Summonings
   Level 1.0 Translocations


You had 12 spell levels left.
You knew the following spells:

 Your Spells              Type           Power        Failure   Level  Hunger
a - Magic Dart            Conj           #...         8%          1    None
b - Call Imp              Summ           ##......     8%          2    None


Dungeon Overview and Level Annotations

Branches:
Dungeon (3/15)

Altars:
Elyvilon
Okawaru

Annotations:
D:3 wazuzu's ghost, amateur MfGl


Innate Abilities, Weirdness & Mutations

Your plain brown scales are hard. (AC +5)
You cannot fit into any form of body armour.
You are cold-blooded and may be slowed by cold attacks.


Message History

Wazuzu's ghost barely misses you.
Casting: Magic Dart
Confirm with . or Enter, or press ? or * to list all spells.
Aiming: Magic Dart
Press: ? - help, Shift-Dir - straight line, f/p - wazuzu's ghost
Aim: wazuzu's ghost (severely damaged)
The magic dart hits wazuzu's ghost.
Wazuzu's ghost is severely damaged.
Wazuzu's ghost hits you but does no damage.
Casting: Magic Dart
Confirm with . or Enter, or press ? or * to list all spells.
Aiming: Magic Dart
Press: ? - help, Shift-Dir - straight line, f/p - wazuzu's ghost
Aim: wazuzu's ghost (severely damaged)
The magic dart hits wazuzu's ghost.
Wazuzu's ghost is severely damaged.
Wazuzu's ghost hits you.
* * * LOW HITPOINT WARNING * * *
Wazuzu's ghost hits you!
You die...

#.............# #..##.
#.........##..# ##.##.
#.............####### #..#.
#######.............#
####'#.
#.................####......
#....................#......
#....................+......
##..........#........#......
#.....###.@#..............>
#.....# #.W#.........#####.
#.....# #..........#.#.....
####### ##.#########.#.##..
#.# #.#.###. #.# #)#.....
#.# #.###### #.# #.# #.# #.#


You could see wazuzu's ghost.

Vanquished Creatures
  An ogre (D:2)
  5 adders
  An ooze (D:2)
  4 worms
  A dart slug (D:1)
  2 leopard geckos (D:1)
  6 orcs (D:3)
  2 ball pythons
  4 giant cockroaches
  2 goblins (D:2)
  10 hobgoblins
  3 jackals (D:3)
  A quokka (D:3)
  4 bats
  5 frilled lizards
  7 kobolds
  7 rats
65 creatures vanquished.

Notes
Turn   | Place    | Note
-------+----------+-------------------------------------------
     0 | D:1      | wazuzu the Draconian Wizard began the quest for the Orb.
     0 | D:1      | Reached XP level 1. HP: 14/14 MP: 4/4
   205 | D:1      | Reached XP level 2. HP: 20/20 MP: 2/6
  1194 | D:2      | Reached skill level 4 in Spellcasting
  1194 | D:2      | Reached XP level 3. HP: 22/26 MP: 6/8
  1258 | D:2      | Found an iron altar of Okawaru.
  1689 | D:2      | Noticed an ogre
  1717 | D:2      | Killed an ogre
  1717 | D:2      | Reached skill level 5 in Spellcasting
  1717 | D:2      | Reached XP level 4. HP: 21/33 MP: 9/11
  1717 | D:2      | Reached XP level 5. HP: 25/38 MP: 9/12
  2271 | D:2      | Learned a level 2 spell: Call Imp
  2958 | D:3      | Found a white marble altar of Elyvilon.
  3042 | D:3      | Noticed wazuzu's ghost (amateur MfGl)
  3558 | D:3      | Slain by wazuzu's ghost

Vault maps used:
D:1:      erik_arrival_triangle_medium, st_stairs_4,
          corexii_item_surrounded_by_moat, hex_intersection
D:2:      okawaru_ov_weapons_minmay, first_ration
D:3:      nicolae_overflow_hidden_temple

Skill      XL: |  1  2  3  4  5 |
---------------+----------------+-----
Spellcasting   | 4 5 |  5.7
Summonings     | 2 |  2.0
Dodging        | |  1.7
Stealth        | |  1.7
Conjurations   | |  1.0
Translocations | |  1.0

Action                   |  1- 3 |  4- 6 || total
-------------------------+-------+-------++-------
Melee: Club              |    15 |       ||    15
       Tailslap          |     4 |    12 ||    16
       Unarmed           |     2 |    23 ||    25
       Short sword       |    86 |   143 ||   229
 Cast: Magic Dart        |    21 |    41 ||    62
  Use: Potion            |     2 |     1 ||     3
 Stab: Sleeping          |     2 |     2 ||     4
  Eat: Chunk             |     1 |     7 ||     8
Armor: Skin              |    13 |    48 ||    61
Dodge: Dodged            |    48 |    68 ||   116

Table legend:
 A = Spawn XP
 B = Non-spawn XP
 C = Spawn XP percentage of total XP
 D = Spawn monster count
 E = Non-spawn monster count
 F = Spawn count percentage of total count
 G = Total turns spent on level
                    A         B        C        D         E        F      G
               +---------+---------+-------+---------+---------+-------+---------
         Total |       0 |     310 |   0.0 |       0 |      65 |   0.0 |  3558
               +---------+---------+-------+---------+---------+-------+---------
           D:1 |       0 |      31 |   0.0 |       0 |      18 |   0.0 |  1138
           D:2 |       0 |     196 |   0.0 |       0 |      18 |   0.0 |  1175
           D:3 |       0 |      83 |   0.0 |       0 |      29 |   0.0 |  1245
               +---------+---------+-------+---------+---------+-------+---------
